 Dungeon Crawl Stone Soup version 0.27.0-1-g7a089689b8 (webtiles) character file.

Game seed: 5910423135537414775

8920 Gunterle the Covert (level 11, -2/83 HPs)
             Began as a Vampire Delver on Aug 10, 2021.
             Was an Elder of Dithmenos.
             Slain by a phantasmal warrior (30 damage)
             ... led by a death knight
             ... on level 11 of the Dungeon.
             The game lasted 01:11:12 (13821 turns).

Gunterle the Covert (Vampire Delver)               Turns: 13821, Time: 01:11:13

Health: -2/83      AC: 14    Str: 11    XL:     11   Next: 16%
Magic:  14/14      EV: 15    Int: 16    God:    Dithmenos [****..]
Gold:   650        SH:  0    Dex: 16    Spells: 10/10 levels left

rFire    . . .     SeeInvis +   a - +2 dagger (venom)
rCold    + . .     Faith    .   (no shield)
rNeg     . . .     Spirit   .   O - +2 leather armour {rPois}
rPois    +         Reflect  .   W - +0 helmet
rElec    .         Harm     .   E - +2 cloak
rCorr    .         Rampage  .   (no gloves)
Will     +....                  (no boots)
Stlth    +++++++...             (no amulet)
HPRegen  0.43/turn              K - +4 ring of protection
MPRegen  0.14/turn              P - ring of protection from cold

@: about to teleport, healing quickly, wreathed by umbra
A: alive, fangs 3, see invisible, vampiric 2
a: Exsanguinate, Renounce Religion, Shadow Step


You were on level 11 of the Dungeon.
You worshipped Dithmenos.
Dithmenos was greatly pleased with you.
You visited 2 branches of the dungeon, and saw 12 of its levels.
You also visited: Ossuary.

You collected 650 gold pieces.

Inventory:

Hand Weapons
 a - a +2 dagger of venom (weapon)
 j - a +0 dagger of chaos
 M - a +2 dagger of freezing
 Q - a +1 dagger of protection
 R - a +3 dagger
 S - a +2 spear of venom
 T - a +2 dagger of pain
 V - a +2 scimitar of flaming
Missiles
 b - a throwing net
 o - 47 poisoned darts (quivered)
 t - 6 javelins
 C - 5 atropa-tipped darts
Armour
 h - a +0 troll leather armour
 k - a +2 robe of cold resistance
 A - a +0 troll leather armour
 E - a +2 cloak (worn)
 J - a +0 kite shield
 O - a +2 leather armour of poison resistance (worn)
 W - a +0 helmet (worn)
 Y - a +0 tower shield
Jewellery
 G - a ring of flight
 H - a ring of ice
 K - a +4 ring of protection (left hand)
 P - a ring of protection from cold (right hand)
 X - an amulet of the acrobat
Wands
 e - a wand of charming (9)
 g - a wand of digging (10)
 i - a wand of flame (56)
 z - a wand of iceblast (7)
 B - a wand of acid (11)
 D - a wand of paralysis (4)
 U - a wand of polymorph (8)
Scrolls
 c - 5 scrolls of fog
 d - 2 scrolls of magic mapping
 l - 5 scrolls of teleportation
 m - a scroll of noise {unknown}
 n - 2 scrolls of immolation
 r - a scroll of holy word {unknown}
 u - 2 scrolls of torment {unknown}
 v - 3 scrolls of enchant weapon {unknown}
 x - 3 scrolls of fear
 y - a scroll of blinking
 F - a scroll of brand weapon {unknown}
 N - 2 scrolls of enchant armour {unknown}
Potions
 f - 6 potions of haste
 p - 2 potions of berserk rage
 q - 5 potions of curing
 s - 2 potions of heal wounds
 w - a potion of might {unknown}
 I - 3 potions of mutation {unknown}
 L - a potion of magic {unknown}


   Skills:
 + Level 6.6 Fighting
 * Level 10.4 Short Blades
 - Level 5.0 Armour
 + Level 7.4 Dodging
 + Level 12.1 Stealth
 + Level 4.2 Invocations
 + Level 4.6 Evocations


You had 10 spell levels left.
You didn't know any spells.
Your spell library contained the following spells:

 Spells                   Type           Power      Damage    Failure   Level
 Frozen Ramparts          Ice            0%         1d2       67%         3
 Airstrike                Air            0%         N/A       97%         4
 Ice Form                 Ice/Tmut       0%         N/A       97%         4
 Leda's Liquefaction      Hex/Erth       0%         N/A       97%         4
 Summon Ice Beast         Ice/Summ       0%         N/A       97%         4
 Summon Lightning Spire   Summ/Air       0%         N/A       97%         4
 Bolt of Magma            Conj/Fire/Erth 0%         4d4       100%        5
 Lightning Bolt           Conj/Air       0%         1d11      100%        5
 Statue Form              Tmut/Erth      0%         N/A       100%        6


Dungeon Overview and Level Annotations

Branches:
Dungeon (11/15)            Temple (1/1) D:4            Lair (0/6) D:9
    Orc (0/2) D:10        Ossuary (visited)

Altars:
Ashenzari
Cheibriados
Dithmenos
Elyvilon
Fedhas
Gozag
Hepliaklqana
Kikubaaqudgha
Makhleb
Nemelex Xobeh
Okawaru
Qazlal
Ru
Sif Muna
Trog
Uskayaw
Vehumet
Wu Jian
Xom
Yredelemnul
Zin
The Shining One
Beogh

Shops:
D:9 *

Annotations:
D:4 exclusion: black bear
D:5 exclusions: gnoll, iguana and water moccasin, Menkaure
D:6 exclusion: 3 zombies
D:11 exclusion: electric eel


Innate Abilities, Weirdness & Mutations

Your natural rate of healing is accelerated.
You have razor-sharp teeth.
You have supernaturally acute eyesight. (SInv)
You are afflicted with vampirism and can become a bat while bloodless.


Message History

The death knight is almost dead.
You hit the death knight.
The death knight looks as sick as possible!
The death knight is almost dead.
The death knight misses you.
You barely miss the death knight.
The death knight is almost dead.
You completely miss the death knight.
The death knight is almost dead.
The death knight hits you with a +4 broad axe!
You closely miss the death knight.
The death knight is almost dead.
Your shadow closely misses the death knight.
The death knight invokes the aid of Yredelemnul against you.
You struggle to resist.
The death knight mumbles some strange prayers to Yredelemnul against you.
Your body is wracked with pain!
* * * LOW HITPOINT WARNING * * *
Aiming: Corrosive Bolt
Press: ? - help, Shift-Dir - straight line, f/p - death knight
Aim: a death knight, wielding a +4 broad axe and wearing a +0 chain mail (almost dead, extremely poisoned, covered in acid, umbra, 74% to hit)
The bolt of acid hits the death knight!
The death knight is splashed with acid!
The death knight seems to be corroded for longer.
You kill the death knight!
Dithmenos accepts your kill.
You hear a bellow! x2
Training target 5.0 for Armour reached!
Your Armour skill increases to level 5!
A phantasmal warrior comes into view.
Things that are here:
a +4 broad axe; a +0 chain mail; a human corpse The phantasmal warrior blinks!
As you read the scroll of teleportation, it crumbles to dust.
You feel strangely unstable.
The skeletal warrior hits you with a +0 hand axe.
The phantasmal warrior misses you.
Unknown command. 2 yaks come into view.
The phantasmal warrior hits you!!
You die...

.....####...#.#.......###
#p......#.#.......#
#^...#'##.........#
#....#.###........#
#....#.# #..#.######
#....#.# ##.#.......
......#.# #.........
######.#.# ##........
#.#.#####@..####
#.)...zW.......
#.....#####...#####
#.#.#.# ##..# #.#.. ..# #
### ..# Y.# .Y+


You could see a skeletal warrior, a phantasmal warrior and 2 yaks.

Vanquished Creatures
  Erica (D:8)
  A death knight (D:11)
  Pikel (D:9)
  Psyche (D:10)
  A kobold demonologist (D:11)
  2 trolls (D:10)
  A shadow (D:11)
  2 wraiths
  Sigmund (D:4)
  4 yaks
  2 wyverns
  Grum (D:7)
  A basilisk (D:8)
  A sky beast (D:5)
  5 orc warriors (D:9)
  A black bear (D:9)
  An ogre (D:5)
  2 wolves
  8 centaurs
  2 phantoms (D:6)
  3 kobold brigands
  4 bullfrogs
  A gnoll sergeant (D:7)
  A water moccasin zombie (D:6)
  2 scorpions
  9 killer bees (D:9)
  10 wights
  An electric eel (D:10)
  3 howler monkeys (D:11)
  3 centaur zombies
  2 centaur skeletons
  A bullfrog zombie (D:5)
  A bullfrog skeleton (D:6)
  A gnoll shaman (D:8)
  5 orc priests
  2 hounds (D:6)
  A jelly (D:5)
  Terence (D:3)
  2 iguanas (D:6)
  10 orc wizards
  A hound zombie (D:5)
  A hound skeleton (D:5)
  A mummy (Ossuary)
  2 howler monkey zombies
  12 gnolls
  12 adders
  3 white imps
  3 ufetubi
  An adder skeleton (D:4)
  2 worms (D:2)
  4 dart slugs
  29 orcs
  7 endoplasms
  A giant cockroach (D:2)
  12 gnoll zombies (Ossuary)
  5 goblins
  7 hobgoblins
  15 jackals
  8 quokkas
  15 ball pythons
  5 bats
  4 bat simulacra (Ossuary)
  7 frilled lizards
  4 goblin simulacra (Ossuary)
  4 goblin zombies (Ossuary)
  5 hobgoblin zombies (Ossuary)
  20 kobolds
  4 kobold simulacra (Ossuary)
  3 kobold zombies (Ossuary)
  6 orc zombies (Ossuary)
  5 rats
  2 rat simulacra (Ossuary)
  A bush (D:7)
313 creatures vanquished.

Vanquished Creatures (others)
  A plant (D:9)
1 creature vanquished.

Grand Total: 314 creatures vanquished

Notes
Turn   | Place    | Note
-------+----------+-------------------------------------------
     0 | D:5      | Gunterle the Vampire Delver began the quest for the Orb.
     0 | D:5      | Reached XP level 1. HP: 17/17 MP: 1/1
    45 | D:6      | Noticed an iguana
   199 | D:6      | Reached XP level 2. HP: 23/23 MP: 2/2
   296 | D:6      | Noticed a centaur
   402 | D:6      | Gained mutation: You are afflicted with vampirism and can
                  | become a bat while bloodless. [Vampire growth]
   402 | D:6      | Reached XP level 3. HP: 18/29 MP: 3/3
   645 | D:6      | Noticed an ogre
   763 | D:4      | Noticed a black bear
   842 | D:4      | Reached XP level 4. HP: 35/35 MP: 4/4
   853 | D:4      | Found a sand-covered staircase.
   863 | Ossuary  | Entered an ossuary
  1510 | D:4      | Reached skill level 8 in Stealth
  1524 | D:4      | Noticed Sigmund
  1548 | D:4      | Reached XP level 5. HP: 36/41 MP: 5/5
  1580 | D:4      | Found a staircase to the Ecumenical Temple.
  1588 | Temple   | Entered the Ecumenical Temple
  1722 | Temple   | Became a worshipper of Dithmenos the Shadowed
  2287 | D:1      | Reached * piety under Dithmenos
  3348 | D:2      | Reached XP level 6. HP: 42/48 MP: 6/6
  3397 | D:2      | Reached ** piety under Dithmenos
  3797 | D:2      | Found a faded altar of an unknown god.
  4064 | D:3      | Noticed Terence
  4068 | D:3      | Killed Terence
  4069 | D:3      | Reached skill level 5 in Short Blades
  4992 | D:4      | Killed Sigmund
  4993 | D:4      | Reached XP level 7. HP: 54/54 MP: 7/7
  5516 | D:4      | Reached skill level 9 in Stealth
  6247 | D:5      | Noticed Menkaure
  6978 | D:6      | Reached skill level 1 in Evocations
  6978 | D:6      | Reached XP level 8. HP: 61/61 MP: 8/8
  7078 | D:6      | Reached skill level 5 in Dodging
  7150 | D:6      | Reached *** piety under Dithmenos
  7256 | D:6      | Reached skill level 10 in Stealth
  7425 | D:6      | Reached skill level 5 in Fighting
  7467 | D:7      | Found a broken altar of Ashenzari.
  7467 | D:7      | Found a basalt altar of Yredelemnul.
  7490 | D:7      | Found a burning altar of Makhleb.
  8521 | D:7      | Reached skill level 1 in Invocations
  8990 | D:8      | Reached XP level 9. HP: 68/68 MP: 8/10
  9002 | D:8      | Reached skill level 1 in Armour
  9138 | D:8      | Noticed Erica
  9140 | D:8      | Killed Erica
  9310 | D:8      | Found a bloodstained altar of Trog.
  9393 | D:8      | Noticed Grum
  9492 | D:7      | Killed Grum
  9493 | D:7      | Reached skill level 11 in Stealth
  9746 | D:9      | Reached **** piety under Dithmenos
 10264 | D:9      | Found a sacrificial altar of Ru.
 10305 | D:9      | Found a staircase to the Lair.
 10310 | D:9      | Reached XP level 10. HP: 70/76 MP: 7/12
 10784 | D:9      | Found Puejof's Lightly-Used Armoury.
 10802 | D:9      | Noticed Pikel
 10804 | D:9      | Killed Pikel
 11352 | D:10     | Entered Level 10 of the Dungeon
 11438 | D:10     | Noticed Psyche
 11441 | D:10     | Killed Psyche
 11708 | D:10     | Found a staircase to the Orcish Mines.
 12345 | D:10     | Reached skill level 10 in Short Blades
 12709 | D:10     | Found a snail-covered altar of Cheibriados.
 13428 | D:11     | Reached skill level 12 in Stealth
 13475 | D:11     | Reached XP level 11. HP: 83/83 MP: 13/13
 13777 | D:11     | Noticed a death knight
 13778 | D:11     | Noticed a skeletal warrior
 13779 | D:11     | Noticed a skeletal warrior
 13812 | D:11     | Killed a death knight
 13813 | D:11     | Reached skill level 5 in Armour
 13815 | D:11     | Noticed a phantasmal warrior
 13821 | D:11     | Slain by a phantasmal warrior

Illustrated notes

Levels and vault maps discovered:
D:1:      pf_arrival_petrified_forest, layout_basic
D:2:      layout_basic, basic_ecumenical_altar
D:3:      layout_basic, minmay_surrounded, uniq_terence
D:4:      layout_loops_ring, minmay_temple_entry_slanted,
          lightli_ossuary_entry_decrepit_ruins, kennysheep_generic_room_6,
          uniq_sigmund
D:5:      minmay_angry_zag, layout_cave_pods, grunt_decor_resistance,
          hangedman_decor_lopped, eino_tiny_chamber, minmay_circle_x,
          uniq_menkaure
D:6:      minmay_chambers_of_threes, layout_loops_ring,
          hangedman_decor_clover_reticule
D:7:      layout_cave_pools, grunt_temple_overflow_open,
          kb_lookout_dungeons_type, hangedman_decor_growths,
          nicolae_benzene_ring
D:8:      layout_rooms, lightli_temple_of_fire, minmay_quadrilaterals,
          uniq_grum, uniq_erica
D:9:      nicolae_whirlpool, layout_grid_maze, mainiacjoe_overflow_boulevard,
          david_lair_generic, minmay_shop_damaged, kennysheep_generic_room_8,
          uniq_pikel
D:10:     layout_basic, mainiacjoe_overflow_alcove_1,
          minmay_orc_entry_temple_large, fungi_pond_lemuel, uniq_psyche
D:11:     layout_basic, serial_shops, nicolae_shop_stone
Temple:   lightli_temple_of_artemis

Skill      XL: |  1  2  3  4  5  6  7  8  9 10 11 |
---------------+----------------------------------+-----
Fighting       | 3 4 5 6 |  6.6
Short Blades   | 3 4 5 6 8 9 10 | 10.4
Dodging        | 3 4 5 6 7 |  7.4
Stealth        | 8 9 10 11 12 | 12.1
Evocations     | 1 2 3 4 |  4.6
Invocations    | 1 2 3 4 |  4.2
Armour         | 3 4 5 |  5.0

Action                   |  1- 3 |  4- 6 |  7- 9 | 10-12 || total
-------------------------+-------+-------+-------+-------++-------
Melee: Short sword       |    15 |   386 |   188 |       ||   589
       Bite              |     1 |    28 |    72 |    53 ||   154
       Dagger            |       |       |   327 |   394 ||   721
Throw: Stone             |     1 |     5 |     3 |       ||     9
       Dart              |       |    32 |    37 |    22 ||    91
       Javelin           |       |       |     1 |       ||     1
       Throwing net      |       |       |       |     1 ||     1
Invok: Shadow Step       |       |       |     3 |     4 ||     7
Evoke: Wand              |     9 |     7 |    15 |    30 ||    61
  Use: Scroll            |     1 |     8 |     2 |     1 ||    12
       Potion            |       |       |     1 |       ||     1
 Stab: Sleeping          |     3 |    48 |    30 |    10 ||    91
       Distracted        |       |     2 |       |       ||     2
       Paralysed         |       |       |     3 |     5 ||     8
Armor: Leather armour    |     1 |    66 |       |    62 ||   129
       Robe              |       |       |    51 |       ||    51
       Animal skin       |       |       |    19 |    13 ||    32
Dodge: Dodged            |    13 |   210 |   308 |   180 ||   711
